 Dungeon Crawl Stone Soup version 0.31-a0-986-g5e6e4ef867 (webtiles) character file.

Game seed: 5481122348275202366

105 jlumianski the Ruffian (level 4, -6/34 HPs)
             Began as a Gnoll Shapeshifter on Nov 20, 2023.
             Splashed by a jelly's acid (9 damage)
             ... on level 4 of the Dungeon.
             The game lasted 00:11:27 (1910 turns).

jlumianski the Ruffian (Gnoll Shapeshifter)         Turns: 1910, Time: 00:11:29

Health: -6/34      AC: -3    Str: 16    XL:     4   Next: 83%
Magic:  5/5        EV: 13    Int: 12    God:
Gold:   169        SH:  0    Dex: 11    Spells: 5/5 levels left

rFire   . . .        r - +6 dagger of Moral Flaws {holy, rC+ Int+3 Stlth+}
rCold   + . .        (no shield)
rNeg    . . .        q - +1 leather armour
rPois   .            (helmet currently unavailable)
rElec   .            (cloak currently unavailable)
rCorr   .            (gloves currently unavailable)
SInv    .            (boots currently unavailable)
Will    .....        (no amulet)
Stlth   ++           (no ring)
HPRegen 0.25/turn    (no ring)
MPRegen 0.09/turn

%: no passive effects
@: mighty, beast-form, corroded
A: beast (slay +3), fangs 1, strong nose, distributed training
a: Begin Untransformation


You were on level 4 of the Dungeon.
You were a hulking beast.
You visited 1 branch of the dungeon, and saw 5 of its levels.

You collected 169 gold pieces.

Inventory:

Hand Weapons
 g - a +0 dagger of electrocution
 r - the +6 dagger of Moral Flaws (weapon) {holy, rC+ Int+3 Stlth+}
   (You found it on level 3 of the Dungeon)

   Int+3:     It affects your intelligence (+3).
   rC+:       It protects you from cold.
   Stlth+:    It makes you more stealthy.
Missiles
 h - a throwing net
 v - 2 curare-tipped darts
 x - 4 boomerangs
 y - 5 poisoned darts
Armour
 a - a +0 animal skin
 n - an orb of light
 q - a +1 leather armour (worn)
 t - a +0 plate armour
Magical Staves
 o - a staff of cold
 s - a staff of poison
Talismans
 c - a beast talisman
 d - a flux talisman
Scrolls
 i - a scroll of silence
 m - a scroll of noise
 p - a scroll of fear {unknown}
 w - a scroll of poison
Potions
 b - a potion of lignification
 e - a potion of curing
 f - 2 potions of might
 j - a potion of invisibility {unknown}
 k - 2 potions of degeneration {unknown}
 l - a potion of heal wounds {unknown}
 u - a potion of resistance {unknown}


   Skills:
 + Level 2.8 Fighting
 + Level 1.2 Short Blades
 + Level 1.2 Long Blades
 + Level 1.2 Axes
 + Level 1.2 Maces & Flails
 + Level 1.2 Polearms
 + Level 1.2 Staves
 + Level 1.2 Ranged Weapons
 + Level 1.2 Throwing
 + Level 1.2 Armour
 + Level 4.7 Dodging
 + Level 1.2 Stealth
 + Level 1.2 Shields
 + Level 6.6 Unarmed Combat
 + Level 1.2 Spellcasting
 + Level 1.0 Conjurations
 + Level 1.0 Hexes
 + Level 1.0 Summonings
 + Level 1.0 Necromancy
 + Level 1.0 Translocations
 + Level 1.0 Transmutations
 + Level 1.0 Fire Magic
 + Level 1.0 Ice Magic
 + Level 1.0 Air Magic
 + Level 1.0 Earth Magic
 + Level 1.0 Poison Magic
 + Level 1.4 Invocations
 + Level 1.2 Evocations
 + Level 6.6 Shapeshifting


You had 5 spell levels left.
You didn't know any spells.
Your spell library contained the following spells:

 Spells                   Type           Power      Damage    Failure   Level
 Sandblast                Erth           6%         2d5       24%         1
 Passwall                 Tmut/Erth      2%         N/A       34%         2
 Stone Arrow              Conj/Erth      6%         3d7       56%         3
 Brom's Barrelling Bould  Conj/Erth      3%         2d3       93%         4


Dungeon Overview and Level Annotations

Branches:
Dungeon (5/15)
 Temple: D:4-7

Altars:
Makhleb

Shops:
D:2 [(:


Innate Abilities, Weirdness & Mutations

You are a hulking beast.
Your limbs bulge with bestial killing power. (Slay +3)
You have very sharp teeth.
Your uncanny sense of smell can sniff out nearby items.
Your experience applies equally to all skills.


Message History

Found a stone staircase leading down.
You see here a +0 plate armour.
Okay, then.
t - a +0 plate armour
Found a murky yellow potion.
u - a murky yellow potion
Found 9 stones.
You hear the slow hiss of a distant avalanche of sand.
There is a stone staircase leading down here.
You climb downwards.
Found a scroll of poison.
There is a stone staircase leading up here.
You see here a scroll of poison.
w - a scroll of poison The jelly barely misses you.
You hit the jelly. The acid corrodes you!
Your hands burn!
You bite the jelly.
The jelly is moderately wounded.
The jelly hits you.
You are splashed with acid!
The jelly attacks as it pursues you! The jelly closely misses you.
The jelly attacks as it pursues you! The jelly barely misses you.
The jelly jiggles.
The jelly attacks as it pursues you! The jelly barely misses you.
There is a stone staircase leading up here.
The jelly hits you.
You are splashed with acid!
* * * LOW HITPOINT WARNING * * *
You climb upwards.
You hear the hiss of flowing sand.
There is an entrance to an ossuary on this level.
Hurry and find it before the portal is buried!
There is a stone staircase leading down here.
Okay, then.
It was a potion of might.
You feel very mighty all of a sudden. The jelly closely misses you.
You hit the jelly.
Your hands burn!
* * * LOW HITPOINT WARNING * * *
The jelly is severely wounded.
The jelly hits you.
* * * LOW HITPOINT WARNING * * *
The acid corrodes you!
You are splashed with acid!
You die...

.######.##
#....#⌠≈...≈#≈#......
#..####....##§.§.
#§##...##
#.....#....# §≈§
#§...#.#
#.###).....###⌠
#≈.###.# #.#
###.....#### ≈§§# .#
#.# #........####.§#
#.# #.....##...#..##
#.# #............###
#.# #..Jh..........#
#.# ##..###.....###(.
#.# #..## #.....####.
#>####.## #..........
#.##...# #....######
#.#..### #....#
#...## #....# #####
#....# #....#


You could see a jelly.

Vanquished Creatures
  5 adders
  2 worms
  7 orcs
  3 ball pythons
  3 endoplasms
  2 giant cockroaches (D:1)
  4 goblins
  6 hobgoblins
  7 kobolds
  A quokka (D:1)
  2 bats
  2 frilled lizards (D:1)
44 creatures vanquished.

Notes
Turn   | Place    | Note
-------+----------+-------------------------------------------
     0 | D:1      | jlumianski the Gnoll Shapeshifter began the quest for the
                  | Orb.
     0 | D:1      | Reached XP level 1. HP: 17/17 MP: 1/1
   185 | D:1      | Reached XP level 2. HP: 23/23 MP: 2/2
   587 | D:2      | Found Nuiv Dia's Book Emporium.
   674 | D:2      | Reached XP level 3. HP: 10/28 MP: 2/4
   773 | D:2      | Found Asong's Antique Armour Shop.
   861 | D:3      | Reached skill level 1 in Invocations
   957 | D:3      | Reached skill level 1 in Short Blades
   957 | D:3      | Reached skill level 1 in Long Blades
   957 | D:3      | Reached skill level 1 in Axes
   957 | D:3      | Reached skill level 1 in Maces & Flails
   957 | D:3      | Reached skill level 1 in Polearms
   957 | D:3      | Reached skill level 1 in Staves
   957 | D:3      | Reached skill level 1 in Ranged Weapons
   957 | D:3      | Reached skill level 1 in Throwing
   957 | D:3      | Reached skill level 1 in Armour
   957 | D:3      | Reached skill level 1 in Stealth
   957 | D:3      | Reached skill level 1 in Shields
   957 | D:3      | Reached skill level 1 in Spellcasting
   957 | D:3      | Reached skill level 1 in Evocations
   964 | D:3      | Identified the +6 dagger of Moral Flaws {holy, rC+ Int+3
                  | Stlth+}
  1053 | D:2      | Found Waiqom's Weapon Shoppe.
  1068 | D:2      | Reached XP level 4. HP: 30/34 MP: 5/5
  1288 | D:2      | Reached skill level 1 in Conjurations
  1288 | D:2      | Reached skill level 1 in Hexes
  1288 | D:2      | Reached skill level 1 in Summonings
  1288 | D:2      | Reached skill level 1 in Necromancy
  1288 | D:2      | Reached skill level 1 in Translocations
  1288 | D:2      | Reached skill level 1 in Transmutations
  1288 | D:2      | Reached skill level 1 in Fire Magic
  1288 | D:2      | Reached skill level 1 in Ice Magic
  1288 | D:2      | Reached skill level 1 in Air Magic
  1288 | D:2      | Reached skill level 1 in Earth Magic
  1288 | D:2      | Reached skill level 1 in Poison Magic
  1722 | D:4      | Found a burning altar of Makhleb.
  1836 | D:5      | Entered Level 5 of the Dungeon
  1910 | D:4      | Splashed by a jelly's acid

Illustrated notes

Levels and vault maps discovered:
D:1:      lightli_arrival_maybe_door_vault, layout_basic
D:2:      layout_loops_corners, serial_shops, shop,
          nicolae_shop_advertising_works [nicolae_subvault_shop_adworks], shop,
          nicolae_shop_crystal, nicolae_houndstooth_variations
D:3:      layout_loops_ring, dk_noncrumbling_4, guppyfry_early_orc_mine
D:4:      layout_rooms, kennysheep_mini, lightli_temple_of_fire,
          gup_ossuary_entry_pyramid
D:5:      layout_basic, slow_altar_2, lemuel_temple_firewalk_b, uniq_pikel

Skill      XL: |  1  2  3  4 |
---------------+-------------+-----
Invocations    | 1 |  1.4
Short Blades   | 1 |  1.2
Long Blades    | 1 |  1.2
Axes           | 1 |  1.2
Maces & Flails | 1 |  1.2
Polearms       | 1 |  1.2
Staves         | 1 |  1.2
Ranged Weapons | 1 |  1.2
Throwing       | 1 |  1.2
Armour         | 1 |  1.2
Stealth        | 1 |  1.2
Shields        | 1 |  1.2
Spellcasting   | 1 |  1.2
Evocations     | 1 |  1.2
Conjurations   | 1 |  1.0
Hexes          | 1 |  1.0
Summonings     | 1 |  1.0
Necromancy     | 1 |  1.0
Translocations | 1 |  1.0
Transmutations | 1 |  1.0
Fire Magic     | 1 |  1.0
Ice Magic      | 1 |  1.0
Air Magic      | 1 |  1.0
Earth Magic    | 1 |  1.0
Poison Magic   | 1 |  1.0
Fighting       | |  2.8
Dodging        | |  4.7
Unarmed Combat | |  6.6
Shapeshifting  | |  6.6

Action                     |  1- 3 |  4- 6 || total
---------------------------+-------+-------++-------
  Melee: Unarmed           |    53 |    11 ||    64
         Bite              |     2 |     3 ||     5
         Punch             |     2 |     1 ||     3
         Dagger            |    19 |    17 ||    36
    Use: Scroll            |       |     8 ||     8
         Potion            |       |     1 ||     1
   Stab: Sleeping          |     1 |     4 ||     5
 Armour: Animal skin       |    14 |       ||    14
         Leather armour    |     8 |    13 ||    21
  Dodge: Dodged            |    49 |    26 ||    75

Table legend: (Time is in decaauts)
 A = Elapsed time spent in this place.
 B = Non-inter-level travel time spent in this place.
 C = Inter-level travel time spent in this place.
 D = Time resting spent in this place.
 E = Time spent auto-exploring this place.
 F = Levels seen in this place.
 G = Mean time per level.
                   A        B        C        D        E       F      G
               +--------+--------+--------+--------+--------+-----+--------+
         Total |   1905 |   1876 |     29 |    129 |    675 |   5 |  381.0 |
       Dungeon |   1905 |   1876 |     29 |    129 |    675 |   5 |  381.0 |
               +--------+--------+--------+--------+--------+-----+--------+

Top non-repeatable levels by time:
     D:2: 588 daAuts
     D:3: 579 daAuts
     D:1: 459 daAuts
     D:4: 265 daAuts
     D:5: 13 daAuts
